 Dungeon Crawl Stone Soup version 0.30-a0-824-g6c64550be9 (webtiles) character file.

Game seed: 17734313834079380368

87 bmack86 the Shield-Bearer (level 4, -1/40 HPs)
             Began as a Minotaur Fighter on Feb 28, 2023.
             Killed from afar by Sigmund (4 damage)
             ... with a magic dart
             ... on level 3 of the Dungeon.
             The game lasted 00:03:43 (1717 turns).

bmack86 the Shield-Bearer (Minotaur Fighter)        Turns: 1717, Time: 00:03:44

Health: -1/40      AC:  9    Str: 22    XL:     4   Next: 28%
Magic:  3/3        EV:  7    Int:  5    God:
Gold:   134        SH:  5    Dex: 10    Spells: 3/3 levels left

rFire   . . .      SeeInvis .    a - +0 war axe
rCold   . . .      Faith    .    c - +1 buckler
rNeg    + . .      Spirit   .    n - +0 chain mail
rPois   .          Reflect  .    (helmet restricted)
rElec   .          Harm     .    (no cloak)
rCorr   .          Rampage  .    (no gloves)
Will    .....                    (no boots) Stlth
                                 (no amulet)
HPRegen 0.26/turn                k - ring of positive energy
MPRegen 0.08/turn                (no ring)

@: no status effects
A: horns 2, retaliatory headbutt
a: no special abilities


You were on level 3 of the Dungeon.
You visited 1 branch of the dungeon, and saw 3 of its levels.

You collected 134 gold pieces.

Inventory:

Hand Weapons
 a - a +0 war axe (weapon)
Missiles
 e - 5 atropa-tipped darts (quivered)
 f - 2 poisoned darts
Armour
 b - a +0 scale mail
 c - a +1 buckler (worn)
 n - a +0 chain mail (worn)
Jewellery
 k - a ring of positive energy (left hand)
Scrolls
 i - a scroll of teleportation {unknown}
Potions
 d - a potion of might
 g - a potion of haste {unknown}
 h - 2 potions of curing
 j - a potion of resistance {unknown}
 l - a potion of flight {unknown}
 m - a potion of mutation {unknown}


   Skills:
 + Level 4.1 Fighting
 * Level 3.8 Axes
 + Level 1.2 Throwing
 + Level 4.1 Armour
 + Level 4.2 Shields


You had 3 spell levels left.
You didn't know any spells.
Your spell library contained the following spells:

 Spells                   Type           Power      Damage    Failure   Level
 Ignite Poison            Fire/Tmut/Pois 0%         N/A       100%        3
 Kindle Blastsparks       Fire/Tloc/Air  0%         2d10      100%        3
 Freezing Cloud           Conj/Ice/Air   0%         6-21      100%        5


Dungeon Overview and Level Annotations

Branches:
Dungeon (3/15)

Altars:

Annotations:
D:3 1 runed translucent door, Crazy Yiuf, Sigmund


Innate Abilities, Weirdness & Mutations

You have a pair of horns on your head.
You reflexively headbutt those who attack you in melee.


Message History

You hear some strange, mumbled words.
A puff of flame appears from out of thin air!
The puff of flame hits you.
You closely miss something. You headbutt something. Something hits you!
You miss something. Something hits you but does no damage.
You miss something. Something hits you.
You closely miss something. You headbutt something! You barely miss something.
You headbutt something.
You hear some strange, mumbled words.
A magic dart appears from out of thin air!
The magic dart hits you. Something hits you but does no damage.
You closely miss something. Your headbutt misses something. Something hits you.
You miss something. You miss something.
You hear some strange, mumbled words.
You are confused.
Something hits you!
You're too confused to move!
You barely miss something. Something hits you.
* * * LOW HITPOINT WARNING * * *
You bump into the closed door.
Something hits you.
* * * LOW HITPOINT WARNING * * *
You miss something. Your headbutt misses something.
Something hits you but does no damage.
You're too confused to move!
You feel less confused.
You barely miss something. Your headbutt misses something.
Something completely misses you.
You barely miss something. Your headbutt misses something.
Something hits you but does no damage.
You miss something. Something hits you.
* * * LOW HITPOINT WARNING * * *
You barely miss something. Something hits you but does no damage.
You closely miss something. Something hits you.
* * * LOW HITPOINT WARNING * * *
You closely miss something.
You hear some strange, mumbled words.
A magic dart appears from out of thin air!
The magic dart hits you.
You die...

#.# ♣.♣♣ #.#
♣♣.♣ #)# ♣.♣♣
#.# #+# #.# ...
#.# #...# #.#
#)..#
.).###+##.#
#####
..(...{@..#
..........?.#
..............#
##............#
#............#
#............#
....##........#
..## #........#


There were no monsters in sight!

Vanquished Creatures
  Terence (D:2)
  2 adders (D:2)
  3 dart slugs
  7 endoplasms
  5 goblins
  3 hobgoblins
  2 kobolds (D:3)
  2 quokkas (D:2)
  5 ball pythons (D:1)
  2 bats
  2 frilled lizards (D:2)
  3 rats
37 creatures vanquished.

Notes
Turn   | Place    | Note
-------+----------+-------------------------------------------
     0 | D:1      | bmack86 the Minotaur Fighter began the quest for the Orb.
     0 | D:1      | Reached XP level 1. HP: 19/19 MP: 0/0
    17 | D:1      | Found a faded altar of an unknown god.
   293 | D:1      | Reached XP level 2. HP: 16/27 MP: 1/1
   802 | D:2      | Reached XP level 3. HP: 25/33 MP: 2/2
   878 | D:2      | Reached skill level 1 in Throwing
  1065 | D:2      | Noticed Terence
  1071 | D:2      | Killed Terence
  1072 | D:2      | Reached XP level 4. HP: 16/40 MP: 3/3
  1658 | D:3      | Found a runed translucent door.
  1659 | D:3      | Noticed Crazy Yiuf
  1691 | D:3      | Noticed Sigmund
  1717 | D:3      | Killed from afar by Sigmund

Illustrated notes

Levels and vault maps discovered:
D:1:      tarquinn_simple_flora_water_b, layout_basic,
          nicolae_ecumenical_snake_handling
D:2:      layout_basic, uniq_terence
D:3:      layout_basic, mainiacjoe_overflow_tiny_flanked, minivault_25,
          eino_tiny_chamber, hex_large, uniq_sigmund, uniq_crazy_yiuf_cottage

Skill      XL: |  1  2  3 |
---------------+----------+-----
Axes           | 3 |  3.8
Shields        | 4 |  4.2
Throwing       | 1 |  1.2
Armour         | 4 |  4.1
Fighting       | 4 |  4.1

Action                     |  1- 3 |  4- 6 || total
---------------------------+-------+-------++-------
  Melee: War axe           |    67 |    33 ||   100
         Headbutt          |     4 |     5 ||     9
  Throw: Dart              |       |     1 ||     1
    Use: Scroll            |     2 |     3 ||     5
 Armour: Scale mail        |    36 |       ||    36
         Chain mail        |       |    13 ||    13
  Dodge: Dodged            |    34 |     6 ||    40
  Block: Buckler           |    15 |     8 ||    23

Table legend: (Time is in decaauts)
 A = Elapsed time spent in this place.
 B = Non-inter-level travel time spent in this place.
 C = Inter-level travel time spent in this place.
 D = Time resting spent in this place.
 E = Time spent auto-exploring this place.
 F = Levels seen in this place.
 G = Mean time per level.
                   A        B        C        D        E       F      G
               +--------+--------+--------+--------+--------+-----+--------+
         Total |   1753 |   1728 |     25 |      0 |   1286 |   3 |  584.3 |
       Dungeon |   1753 |   1728 |     25 |      0 |   1286 |   3 |  584.3 |
               +--------+--------+--------+--------+--------+-----+--------+

Top non-repeatable levels by time:
     D:2: 853 daAuts
     D:1: 781 daAuts
     D:3: 118 daAuts
